 Dungeon Crawl Stone Soup version 0.31-a0-441-g867994ef1c (webtiles) character file.

Game seed: 16210784386078244133

313 Adrian566 the Slasher (level 6, -4/46 HPs)
             Began as a Demonspawn Gladiator on Aug 3, 2023.
             Killed by divine providence
             ... invoked by an orc priest
              (16 damage)
             ... on level 4 of the Dungeon.
             The game lasted 00:02:47 (2820 turns).

Adrian566 the Slasher (Demonspawn Gladiator)        Turns: 2820, Time: 00:02:48

Health: -4/46      AC: 13    Str: 18      XL:     6   Next: 19%
Magic:  6/6        EV:  6    Int: 13      God:
Gold:   227        SH:  4    Dex: 13 (15) Spells: 5/5 levels left

rFire   . . .        a - +1 long sword
rCold   . . .        l - +0 buckler
rNeg    . . .        f - +0 plate armour
rPois   .            (helmet restricted)
rElec   .            (no cloak)
rCorr   .            (no gloves)
SInv    .            (no boots)
Will    .....        (no amulet) Stlth
                     h - +6 ring of strength
HPRegen 0.27/turn    (no ring)
MPRegen 0.20/turn

%: no passive effects
@: invisible
A: horns 1, demonic guardian 1, magic regeneration, sharp scales 2, clever 1,
teleportitis 1, weak 1
a: no special abilities


You were on level 4 of the Dungeon.
You visited 1 branch of the dungeon, and saw 4 of its levels.

You collected 227 gold pieces.

Inventory:

Hand Weapons
 a - a +1 long sword (weapon)
Missiles
 d - 3 throwing nets (quivered)
 e - 3 javelins
Armour
 c - a +0 helmet
 f - a +0 plate armour (worn)
 l - a +0 buckler (worn)
Jewellery
 g - a ring of protection from fire
 h - a +6 ring of strength (left hand)
Scrolls
 k - a scroll of fear
Potions
 o - a potion of curing


   Skills:
 + Level 2.6 Fighting
 + Level 4.8 Long Blades
 + Level 1.9 Throwing
 + Level 2.7 Armour
 + Level 3.4 Dodging
 + Level 0.1 Shields


You had 5 spell levels left.
You didn't know any spells.
Your spell library contained the following spells:

 Spells                   Type           Power      Damage    Failure   Level
 Wereblood                Tmut           0%         N/A       100%        2
 Hailstorm                Conj/Ice       0%         3d3       100%        3
 Summon Ice Beast         Ice/Summ       0%         N/A       100%        4
 Irradiate                Conj/Tmut      0%         3d11      100%        5
 Simulacrum               Ice/Necr       0%         N/A       100%        6


Dungeon Overview and Level Annotations

Branches:
Dungeon (4/15)
 Temple: D:4-7

Altars:
Ashenzari

Shops:
D:2 :


Innate Abilities, Weirdness & Mutations

You have a pair of small horns on your head.
A weak demonic guardian rushes to your aid.
You regenerate magic rapidly.
You are mostly covered in razor-sharp scales. (AC +2, Slay +2)
Your mind is acute. (Int +4, Str/Dex -1)
You are occasionally teleported next to monsters.
You are weak. (Str -2)


Message History

The orc priest barely misses you. The goblin hits you but does no damage.
Your ufetubus hits the orc priest but does no damage.
Your ufetubus hits the orc priest.
The orc priest invokes the aid of Beogh against you.
Beogh smites you!
The orc priest calls down the wrath of Beogh upon you.
Beogh smites you!
* * * LOW HITPOINT WARNING * * *
The goblin barely misses you.
Your ufetubus closely misses the orc priest.
Your ufetubus hits the orc priest.
You fade into invisibility!
Your ufetubus hits the orc priest.
The orc priest dies!
The orc closely misses your ufetubus. The goblin hits you but does no damage.
The orc hits your ufetubus with a +0 short sword.
Your ufetubus hits the orc. x2; The orc closely misses your ufetubus.
The orc hits your ufetubus but does no damage.
Your ufetubus closely misses the orc.
Your ufetubus hits the orc.
The orc dies!
Your ufetubus hits the goblin.
The goblin dies!
Your ufetubus closely misses the orc.
Your ufetubus hits the orc.
The orc priest closely misses your ufetubus.
The orc completely misses your ufetubus.
Your ufetubus hits the orc.
Your ufetubus barely misses the orc.
Your ufetubus barely misses the orc.
Your ufetubus hits the orc.
The orc dies!
Your ufetubus barely misses the orc priest. x3
Your ufetubus hits the orc priest.
Your ufetubus hits the orc priest but does no damage. x2
The orc priest invokes the aid of Beogh against your ufetubus.
Your ufetubus is smitten.
Your ufetubus dies!
Your ufetubus disappears in a puff of smoke!
Found 17 gold pieces.
The orc priest shouts!
The orc priest invokes the aid of Beogh against you.
Beogh smites you!
You die...

.#........(.........
...................#
.....#####.........#
#... #.........##
#.. #..........# #.
##...o......# #
#.....)ยง....##
###......))....#
#@......###.....
#..........# ...
........#........ .
.......####........
.....## ###.......
....# #./..... ##
.... #....... .###
###.$. .. ...###....


You could see an orc priest (unable to see you).

Vanquished Creatures
  A scorpion (D:4)
  Natasha (thrice) (D:3)
  6 adders
  3 gnolls (D:4)
  A worm (D:2)
  5 orcs
  4 endoplasms
  3 giant cockroaches
  6 goblins
  4 hobgoblins
  3 jackals (D:1)
  6 ball pythons
  4 bats
  7 frilled lizards
  7 kobolds
  6 rats
69 creatures vanquished.

Vanquished Creatures (collateral kills)
  An orc priest (D:4)
  2 orcs (D:4)
  A goblin (D:4)
4 creatures vanquished.

Grand Total: 73 creatures vanquished

Notes
Turn   | Place    | Note
-------+----------+-------------------------------------------
     0 | D:1      | Adrian566 the Demonspawn Gladiator began the quest for the
                  | Orb.
     0 | D:1      | Reached XP level 1. HP: 16/16 MP: 1/1
   195 | D:1      | Gained mutation: You regenerate magic rapidly. [demonic
                  | ancestry]
   195 | D:1      | Reached XP level 2. HP: 20/22 MP: 2/2
   425 | D:1      | Reached skill level 3 in Long Blades
   693 | D:2      | Gained mutation: You are partially covered in razor-sharp
                  | scales. (AC +1, Slay +1) [demonic ancestry]
   693 | D:2      | Reached XP level 3. HP: 27/27 MP: 3/3
   708 | D:2      | Found Atuisma's Vocational Training.
  1131 | D:2      | Found a faded altar of an unknown god.
  1176 | D:2      | Reached skill level 1 in Armour
  1185 | D:2      | Gained mutation: You have a pair of small horns on your
                  | head. [demonic ancestry]
  1185 | D:2      | Reached XP level 4. HP: 33/33 MP: 4/4
  1379 | D:3      | Noticed Natasha
  1385 | D:3      | Killed Natasha
  1542 | D:3      | Found a broken altar of Ashenzari.
  1544 | D:3      | Noticed Natasha
  1557 | D:3      | Gained mutation: You are weak. (Str -2) [potion of
                  | mutation]
  1557 | D:3      | Gained mutation: You are occasionally teleported next to
                  | monsters. [potion of mutation]
  1557 | D:3      | Gained mutation: Your mind is acute. (Int +4, Str/Dex -1)
                  | [potion of mutation]
  1562 | D:3      | Killed Natasha
  1563 | D:3      | Reached skill level 4 in Long Blades
  1563 | D:3      | Gained mutation: You are mostly covered in razor-sharp
                  | scales. (AC +2, Slay +2) [demonic ancestry]
  1563 | D:3      | Reached XP level 5. HP: 17/39 MP: 5/5
  1806 | D:3      | Noticed Natasha
  1816 | D:3      | Killed Natasha
  2714 | D:4      | Gained mutation: A weak demonic guardian rushes to your
                  | aid. [demonic ancestry]
  2714 | D:4      | Reached XP level 6. HP: 34/46 MP: 6/6
  2820 | D:4      | Killed from afar by an orc priest

Illustrated notes

Levels and vault maps discovered:
D:1:      minmay_arrival_loop, layout_loops_ring, serial_glass, glass_columns_a,
          glass_columns_c, glass_columns_c, glass_columns_a,
          minmay_strange_pillars, feat_on_display, item_on_display_a,
          feat_on_display
D:2:      layout_loops_cross, basic_altar, basic_ecumenical_altar,
          nicolae_shop_vocational
D:3:      layout_loops_ring, mainiacjoe_overflow_surrounded_room,
          minmay_fractal_squares_5, uniq_natasha
D:4:      layout_layer_cave, kennysheep_mini

Skill      XL: |  1  2  3  4  5 |
---------------+----------------+-----
Dodging        | 3 |  3.4
Long Blades    | 3 4 |  4.8
Armour         | 1 2 |  2.7
Fighting       | |  2.6
Throwing       | |  1.9
Shields        | |  0.1

Action                     |  1- 3 |  4- 6 || total
---------------------------+-------+-------++-------
  Melee: Long sword        |   107 |    96 ||   203
         Headbutt          |       |    14 ||    14
    Use: Scroll            |     2 |     2 ||     4
         Potion            |       |     6 ||     6
 Armour: Leather armour    |     2 |       ||     2
         Plate armour      |    83 |    69 ||   152
         Skin              |       |     2 ||     2
  Dodge: Dodged            |    41 |    34 ||    75
  Block: Buckler           |     7 |    19 ||    26

Table legend: (Time is in decaauts)
 A = Elapsed time spent in this place.
 B = Non-inter-level travel time spent in this place.
 C = Inter-level travel time spent in this place.
 D = Time resting spent in this place.
 E = Time spent auto-exploring this place.
 F = Levels seen in this place.
 G = Mean time per level.
                   A        B        C        D        E       F      G
               +--------+--------+--------+--------+--------+-----+--------+
         Total |   2872 |   2792 |     80 |      0 |   2289 |   4 |  718.0 |
       Dungeon |   2872 |   2792 |     80 |      0 |   2289 |   4 |  718.0 |
               +--------+--------+--------+--------+--------+-----+--------+

Top non-repeatable levels by time:
     D:3: 1006 daAuts
     D:1: 705 daAuts
     D:2: 607 daAuts
     D:4: 552 daAuts
